[Event "Kezmarok Chess Open 2022"]
[Site "Kezmarok"]
[Date "2022.09.29"]
[Round "7.4"]
[White "Jablonicky, Martin"]
[Black "Wisniewski, Michal"]
[Result "1/2-1/2"]
[ECO "A05"]
[WhiteElo "2344"]
[BlackElo "2152"]
[Annotator "TA"]
[PlyCount "40"]
[EventDate "2022.09.24"]
[EventType "swiss"]
[EventCountry "SVK"]
[SourceTitle "playchess.com"]
[Source "ChessBase"]
[SourceQuality "1"]
[TimeControl "40/5400+30:1800+30"]

1. Nf3 Nf6 2. g3 b5 3. Bg2 Bb7 4. O-O e6 5. d4 Be7 6. Bg5 d5 {[%emt 0:00:08] A46: 1 d4 Nf6 2 Nf3 e6: Torre, London and Colle Systems.} 7. Nbd2 Nbd7 8. c3 c5 {[%emt 0:01:32] 8...c5 has lost popularity.} 9. Re1 O-O 10. Bxf6 Nxf6 11. Ne5 {[%emt 0:00:12] [#]} cxd4 $146 ({Predecessor:} 11... Qc7 12. Rc1 Rac8 13. e3 Ne4 14. f3 Nd6 15. Nd3 Nc4 16. Nb3 cxd4 17. exd4 Bd6 {½-½ (44) Dornbusch,T (2249)-Tsolakidou,S (2389) Iasi 2021}) 12. cxd4 {[%emt 0:00:06] The position is equal.} Qb6 13. e3 Rfc8 14. Qb3 Bd6 15. Bf1 b4 16. Qa4 Bxe5 17. dxe5 Bc6 18. Qa6 Nd7 19. Nf3 Bb7 20. Qxb6 axb6 {[%emt 0:00:12] Weighted Error Value: White=0.08 (flawless) /Black=0.05 (flawless)} 1/2-1/2

[Event "Kezmarok Chess Open 2022"]
[Site "Kezmarok"]
[Date "2022.09.29"]
[Round "7.5"]
[White "Hagarova, Zuzana"]
[Black "Janik, Marek Tobias"]
[Result "1-0"]
[ECO "B30"]
[WhiteElo "2287"]
[BlackElo "1823"]
[Annotator "TA"]
[PlyCount "77"]
[EventDate "2022.09.24"]
[EventType "swiss"]
[EventCountry "SVK"]
[SourceTitle "playchess.com"]
[Source "ChessBase"]
[SourceQuality "1"]
[TimeControl "40/5400+30:1800+30"]

1. e4 c5 2. Nf3 Nc6 3. Nc3 e5 4. Bc4 Be7 5. d3 d6 6. Nd2 Nf6 7. Nf1 O-O {[#] B30: Sicilian: 2...Nc6 3 Bb5, lines without ...g6.} 8. Ng3 $146 ({Predecessor:} 8. Ne3 Nd7 9. O-O Nb6 10. Ned5 Nxc4 11. dxc4 Bg5 12. Qd3 Be6 13. a4 Kh8 14. b3 Nd4 15. Bxg5 Qxg5 16. f4 exf4 17. Nxf4 {1-0 (43) Abasov,N (2634)-Perunovic,M (2541) Terme Catez 2021}) 8... Nd4 9. O-O Be6 {The position is equal.} 10. a4 d5 11. exd5 Nxd5 12. Re1 ({White should play} 12. Nxd5 $11 Bxd5 13. c3) 12... Nc6 (12... Nb4 $1 $15 13. Bxe6 fxe6) 13. Nxd5 $11 Bxd5 14. Bxd5 Qxd5 15. Nf5 Bf6 16. Qg4 {[%cal Of5g7] [#] And now Nxg7! would win.} Kh8 17. Bg5 {White wants to mate with Bxf6.} Qe6 18. f4 Nd4 19. Bxf6 Qxf6 20. Nxd4 ({Don't play} 20. Rxe5 Nxc2 21. Rd1 g6 $11) 20... exd4 21. Re5 Rac8 22. Rae1 {[%cal Og4c8] [#] aiming for Qxc8!} h6 23. b3 Qc6 24. h3 Rce8 25. Qe2 Rxe5 26. Qxe5 $14 {[%mdl 4096] Endgame KQR-KQR} Kg8 27. Qe7 Rc8 28. f5 f6 29. Re4 {Hoping for Rg4.} Rc7 30. Qd8+ Kf7 $1 31. Qh8 {Threatens to win with Rg4. White is much more active.} Rc8 $1 32. Qh7 Qd6 $1 33. Rg4 {Against Qg3} Rg8 (33... Qf8 $142) 34. Qg6+ $16 Kf8 35. Re4 Qd7 {Prevents Qe8+.} 36. Re6 $40 {[%mdl 128] Black is in trouble.} Qf7 (36... Rh8 $16 37. Qg4 Qd8) 37. Qg3 $18 {Intending Qb8+ and mate.} g6 $2 (37... Qd7 38. b4 cxb4) 38. Qd6+ Kg7 39. Re7 {Weighted Error Value: White=0.10 (very precise) /Black=0.15 (very precise)} 1-0

[Event "Kezmarok Chess Open 2022"]
[Site "Kezmarok"]
[Date "2022.09.29"]
[Round "7.6"]
[White "Striskova, Lucia"]
[Black "Kovac, Lubomir"]
[Result "1/2-1/2"]
[ECO "B19"]
[WhiteElo "1866"]
[BlackElo "2091"]
[Annotator "TA"]
[PlyCount "65"]
[EventDate "2022.09.24"]
[EventType "swiss"]
[EventCountry "SVK"]
[SourceTitle "playchess.com"]
[Source "ChessBase"]
[SourceQuality "1"]
[TimeControl "40/5400+30:1800+30"]

1. e4 c6 2. d4 d5 3. Nc3 dxe4 4. Nxe4 Bf5 5. Ng3 Bg6 6. h4 h6 7. Nf3 Nd7 8. h5 Bh7 9. Bd3 Bxd3 10. Qxd3 Qc7 11. Bd2 e6 12. O-O-O Ngf6 13. Ne4 O-O-O 14. Kb1 Nxe4 15. Qxe4 Nf6 {B19: Classical Caro-Kann: 4...Bf5 main line.} 16. Qe2 c5 17. dxc5 Bxc5 {White is slightly better.} 18. Rh4 {[#] Threatens to win with b4.} Kb8 19. Bf4 Bd6 20. Bxd6 Rxd6 21. Rxd6 Qxd6 22. Rd4 Qc7 {[#]} 23. Ne5 $146 ({Predecessor:} 23. Rc4 Qd6 {½-½ (24) Othmer,M-Broschwitz,M (2161) Germany 2003}) 23... Rc8 24. Rc4 Qe7 25. Rxc8+ Kxc8 $14 {[%mdl 4096] Endgame KQN-KQN} 26. c4 Nd7 27. g4 Nxe5 28. Qxe5 $11 {KQ-KQ} f6 29. Qd4 Qd7 $2 {[%mdl 8192] [#]} (29... Qb4 $11) 30. Qc5+ $2 (30. Qxd7+ $1 $18 Kxd7 31. Kc2) 30... Kb8 {[%cal Rd7d1] The position is equal.} 31. Qf8+ Kc7 32. Qc5+ Kb8 33. Qf8+ {Weighted Error Value: White=0.29 (precise) /Black=0.48} 1/2-1/2

[Event "Kezmarok Chess Open 2022"]
[Site "Kezmarok"]
[Date "2022.09.29"]
[Round "7.7"]
[White "Elias, David"]
[Black "Demeter, Peter"]
[Result "0-1"]
[ECO "E92"]
[WhiteElo "1988"]
[BlackElo "2067"]
[Annotator "TA"]
[PlyCount "132"]
[EventDate "2022.09.24"]
[EventType "swiss"]
[EventCountry "SVK"]
[SourceTitle "playchess.com"]
[Source "ChessBase"]
[SourceQuality "1"]
[TimeControl "40/5400+30:1800+30"]

1. Nf3 Nf6 2. c4 g6 3. Nc3 Bg7 4. e4 d6 5. Be2 O-O 6. d4 e5 7. d5 a5 8. Bg5 h6 9. Bh4 Na6 10. Nd2 Nc5 11. b3 Bd7 12. O-O Qe8 13. a3 Nh7 (13... Ncxe4 $11 14. Ndxe4 (14. Ncxe4 Nxe4 15. Nxe4 f5 $11) 14... Nxe4 15. Nxe4 f5) 14. Nb5 {[%emt 0:09:56] E92: King's Indian: Classical: 6 Be2 e5: 7 dxe5, 7 Be3 and Petrosian System without 7...Nbd7.} Bxb5 15. cxb5 {[%emt 0:00:01] [#]} b6 $146 (15... Bf6 $11 {remains equal.} 16. Bxf6 Nxf6) ({Predecessor:} 15... Nxe4 16. Nxe4 f5 17. Rc1 Qd7 18. Nd2 g5 19. Bg3 f4 20. Bg4 Qxb5 21. Be6+ Kh8 22. Rxc7 fxg3 23. hxg3 {½-½ (79) Konings,L (2318)-Roebers,J (2250) Amsterdam 2002}) 16. Qc2 $16 {[%emt 0:01:42] White is better.} Qd7 17. b4 Nxe4 18. Nxe4 {[%emt 0:08:00] Hoping for bxa5.} g5 {[%emt 0:01:47] [#]} 19. Rac1 $1 axb4 (19... f5 20. Bxg5) 20. axb4 Ra7 21. Bg3 {[%emt 0:08:37] Strongly threatening f3.} f5 22. Nc3 {[%emt 0:00:32] Black must now prevent f3.} f4 23. Bd3 Nf6 24. Bf5 {[%emt 0:00:53] Inhibits e4.} Qe7 (24... Qe8 $142) 25. Be6+ Kh8 26. h4 (26. Ra1 $16 Rfa8 27. Rxa7 Rxa7 28. Ne4 Nxe4 29. Qxe4) 26... fxg3 $11 27. hxg5 Nh5 28. Ne4 Nf4 $2 (28... gxf2+ $11 29. Rxf2 Rxf2 30. Kxf2 Nf4) 29. fxg3 $18 Nxe6 30. dxe6 Qxe6 31. Rxf8+ Bxf8 32. Nf6 e4 (32... Qf7 33. Rf1 Ra2 34. Qe4 hxg5 35. Qg4 $18) 33. Qxe4 $2 ({Only move:} 33. Rf1 $1 $18) 33... Qxe4 $11 34. Nxe4 hxg5 $18 {[%emt 0:02:44][%mdl 4096] Endgame KRB-KRN} 35. Nf6 (35. Nxg5 $5 Bh6 36. Nf7+ Kg7 37. Nxh6 Kxh6 38. Kf2 $14) 35... Bg7 36. Nd5 Bd4+ 37. Kf1 Kg7 {[%emt 0:01:59] [#]} (37... Ra2 $11 {keeps the balance.}) 38. Nxc7 (38. Ke2 $1 $16) 38... Kf6 $11 39. Ke2 Ra3 {[%emt 0:02:30][%mdl 1024] Black has compensation.} (39... Ke5 $5 ) 40. Rc6 Ke5 41. Ne8 $1 d5 42. Ng7 $2 {[%emt 0:00:00][%mdl 8192] [#]} (42. Nf6 $11 {and White stays safe.}) 42... Ke4 $1 $19 {[%emt 0:00:00] ( -> ...Ra2+)} 43. Ne6 $2 (43. Re6+ $19 Be5 44. Ne8) 43... Ra2+ 44. Kf1 Be3 45. Nxg5+ Bxg5 46. Rxb6 {[%emt 0:00:00] KRB-KR} Be3 47. Ra6 Rb2 48. g4 Rxb4 (48... d4 $142 49. Re6+ Kd3 50. g3 Rf2+ 51. Kg1 Rf6+ 52. Kg2 Rxe6 53. b6 Rxb6 54. Kf3 Bg5 55. Kf2 Rf6+ 56. Kg1 Ke2 57. Kg2 Rf2+ 58. Kh1 d3 59. Kg1 d2 60. Kh1 d1=Q#) 49. Ke2 Rb2+ {[%emt 0:00:00] Black mates.} 50. Ke1 Rxb5 51. g5 Rb1+ 52. Ke2 Rb2+ 53. Ke1 Bxg5 54. g4 Kf3 55. Kd1 Rd2+ 56. Ke1 Rg2 57. Kf1 Rxg4 58. Ra2 Ke4 59. Ra4+ d4 60. Ke2 Rg2+ 61. Kd1 Be3 62. Rb4 Rd2+ 63. Ke1 Ra2 64. Rb1 Kf3 65. Kd1 d3 66. Ke1 Rh2 {[%emt 0:00:00] Quite a comeback for Black.  Weighted Error Value: White=0.54/Black=0.32} 0-1

[Event "Kezmarok Chess Open 2022"]
[Site "Kezmarok"]
[Date "2022.09.29"]
[Round "7.8"]
[White "Sosovickova, Jana"]
[Black "Smetana, Peter"]
[Result "1/2-1/2"]
[ECO "B32"]
[WhiteElo "2039"]
[BlackElo "1715"]
[Annotator "TA"]
[PlyCount "63"]
[EventDate "2022.09.24"]
[EventType "swiss"]
[EventCountry "SVK"]
[SourceTitle "playchess.com"]
[Source "ChessBase"]
[SourceQuality "1"]
[TimeControl "40/5400+30:1800+30"]

1. e4 c5 2. Nf3 Nc6 3. d4 cxd4 4. Nxd4 e5 5. Nb5 d6 6. c4 g6 {[%emt 0:01:45] 6...Be6 is the modern continuation. B32: Sicilian: Löwenthal and Kalashnikov Variations.} 7. N1c3 a6 8. Na3 Bg7 {[%emt 0:00:50] White is slightly better.} 9. Nc2 Be6 10. Be2 Nf6 11. O-O O-O 12. Bg5 Rc8 13. Nd5 Bxd5 {[%emt 0:11:24] [#]} 14. exd5 $146 (14. cxd5 Nd4 15. Nxd4 exd4 16. Bd3 Qb6 17. Bxf6 Bxf6 18. Qd2 Rc7 19. f4 Re8 20. g3) ({Predecessor:} 14. cxd5 Nd4 15. Nxd4 exd4 16. Bd3 Qb6 17. Bxf6 Bxf6 18. Qd2 Rc7 19. f4 Re8 20. g3 {½-½ (46) Ivanov,O (2444)-Lintchevski,D (2556) Moscow 2022}) 14... Nd4 ({Better is} 14... Ne7 $11) 15. Nxd4 $14 exd4 16. Qxd4 Re8 17. Rfe1 {[%emt 0:14:46] White is more active.} h6 $1 18. Be3 Ne4 19. Qd3 Bxb2 20. Rab1 Qa5 21. Qb3 (21. Bxh6 $14 Nc5 22. Qc2) 21... Bc3 22. Bb6 Bxe1 23. Bxa5 Bxa5 24. Qd3 (24. Rc1 $11) 24... Nc5 $2 {[%emt 0:02:47] [#]} (24... b5 $17 {stays on course. Threatens to win with ...Nc3.} 25. Qa3 (25. cxb5 $2 Nc3 $19) 25... Nc3) 25. Qf3 (25. Qa3 $16 {Strongly threatening Bg4.} Bd8 26. Bf3) 25... Re5 (25... b5 $1 $11) 26. g3 Rce8 27. Bd3 Kg7 28. Kg2 Bc7 29. Rb2 Ba5 30. Rb1 Bc7 $1 31. Rb2 (31. Bf1) 31... Ba5 $1 32. Rb1 {[%emt 0:00:03] Weighted Error Value: White=0.28 (precise) /Black=0.18 (very precise)} (32. Qd1 $16) 1/2-1/2

[Event "Kezmarok Chess Open 2022"]
[Site "Kezmarok"]
[Date "2022.09.29"]
[Round "7.9"]
[White "Bochnickova, Simona"]
[Black "Velychko, Semen"]
[Result "1/2-1/2"]
[ECO "B32"]
[WhiteElo "1903"]
[BlackElo "1604"]
[Annotator "TA"]
[PlyCount "65"]
[EventDate "2022.09.24"]
[EventType "swiss"]
[EventCountry "SVK"]
[SourceTitle "playchess.com"]
[Source "ChessBase"]
[SourceQuality "1"]
[TimeControl "40/5400+30:1800+30"]

1. e4 c5 2. Nf3 Nc6 3. d4 cxd4 4. Nxd4 e5 5. Nb5 d6 6. c4 Be7 {[%emt 0:01:00] 6...Be6 injects fresh life into this line.} 7. N5c3 {[%emt 0:01:37] B32: Sicilian: Löwenthal and Kalashnikov Variations.} f5 8. exf5 Bxf5 9. Bd3 {[%emt 0:01:39] White is slightly better.} Be6 10. Nd5 Nf6 11. Nbc3 O-O 12. O-O {[%emt 0:03:55] White has more active pieces.} Rc8 {[%emt 0:07:51] [#]} 13. f4 $146 (13. Be3 $14) ({Predecessor:} 13. Be3 Nd4 14. Re1 Nxd5 15. Nxd5 Bxd5 16. cxd5 Bg5 17. Qh5 h6 18. Bxd4 exd4 19. Qg6 Qf6 20. Qh7+ Kf7 21. Re6 {1-0 (21) Perez Ponsa,F (2554)-Rodriguez,S (2252) Chess.com INT 2021}) 13... Nb4 $11 14. Be3 Nxd3 (14... Bxd5 $11 15. cxd5 Nxd3 16. Qxd3 a6) 15. Qxd3 $14 Ng4 16. Bxa7 (16. b3 $16) 16... exf4 $1 17. Rxf4 (17. Qe4 $5 Ne5 18. Rxf4 $14) 17... Rxf4 {[%emt 0:01:05][%mdl 64] Remove Defender} 18. Nxf4 {[%emt 0:00:06] Pair of Knights!} Bxc4 (18... Qa5 $5 19. Bd4 (19. Nxe6 Qxa7+ 20. Nd4 Bf6 $11) 19... Bxc4 $14) 19. Qf5 Nh6 20. Qe4 Qd7 21. Nfd5 $1 Bxd5 22. Nxd5 Bf6 (22... Bf8 $142) 23. Re1 (23. Nxf6+ $142 gxf6 24. Rf1) 23... Qf5 $2 (23... Rf8 $16 {was called for.}) 24. Ne7+ $2 ({Only move:} 24. Nxf6+ $18 Qxf6 25. Qxb7 (25. Rf1 Qd8 $16)) 24... Bxe7 25. Qxe7 Qd5 26. Rf1 Nf7 27. a4 h6 28. a5 ({White should play} 28. h3 $11) 28... Rc2 $15 29. Rf2 Rc1+ 30. Rf1 {[%emt 0:00:07] [#]} Rc2 ({Don't play} 30... Rxf1+ $6 31. Kxf1 Qc6 32. h3 $11) (30... Qc4 $1 $17 31. Rxc1 (31. Re1 $2 Ne5 $19) 31... Qxc1+ 32. Kf2 Qxb2+ 33. Kg3 Qc3+ 34. Qe3 Qe5+ 35. Qxe5 Nxe5) 31. Rf2 $11 Rc1+ (31... Rxf2 $11 32. Bxf2 Qxa5) 32. Rf1 $17 {[%emt 0:00:09] [#] Dancing on a razor blade.} Rc2 ({But not} 32... Rxf1+ $6 33. Kxf1 Ng5 34. h3 $11) (32... Qc4 $1 $17 33. Rxc1 (33. Re1 $2 Ne5 $19) 33... Qxc1+ 34. Kf2 Qxb2+ 35. Kg3 Qc3+ 36. Qe3 Qxe3+ 37. Bxe3 Ne5) 33. Rf2 {[%emt 0:00:42] Weighted Error Value: White=0.30/Black=0.27 (precise)} 1/2-1/2

[Event "Kezmarok Chess Open 2022"]
[Site "Kezmarok"]
[Date "2022.09.29"]
[Round "7.10"]
[White "Rak, Martin"]
[Black "Juracak, David"]
[Result "1/2-1/2"]
[ECO "C42"]
[WhiteElo "1805"]
[BlackElo "1708"]
[Annotator "NA RC COMBH"]
[PlyCount "47"]
[EventDate "2022.09.24"]
[EventType "swiss"]
[EventCountry "SVK"]
[SourceTitle "playchess.com"]
[Source "ChessBase"]
[SourceQuality "1"]
[TimeControl "40/5400+30:1800+30"]

1. e4 e5 2. Nf3 Nf6 3. Nc3 Bb4 4. Nxe5 O-O 5. Nd3 Bxc3 6. dxc3 Nxe4 7. Be2 d6 8. O-O Nd7 9. Re1 Re8 10. f3 Nec5 11. Bf4 Nxd3 12. cxd3 Nb6 13. Qd2 Qf6 14. d4 Be6 15. b3 Nd5 16. Bg5 Qg6 17. Bh4 Ne7 18. Bd3 Bf5 19. Bxe7 Bxd3 20. Bh4 Bf5 21. Rxe8+ Rxe8 22. Re1 Rxe1+ 23. Qxe1 Qe6 24. Qxe6 1/2-1/2

[Event "Kezmarok Chess Open 2022"]
[Site "Kezmarok"]
[Date "2022.09.29"]
[Round "7.11"]
[White "Ropovik, Samuel"]
[Black "Sekova, Olivia"]
[Result "1/2-1/2"]
[ECO "B40"]
[WhiteElo "1497"]
[BlackElo "1797"]
[Annotator "NA RC COMBH"]
[PlyCount "83"]
[EventDate "2022.09.24"]
[EventType "swiss"]
[EventCountry "SVK"]
[SourceTitle "playchess.com"]
[Source "ChessBase"]
[SourceQuality "1"]
[TimeControl "40/5400+30:1800+30"]

1. e4 c5 2. Nf3 e6 3. d4 cxd4 4. Nxd4 Nf6 5. Nc3 Nc6 6. Bf4 Bb4 7. Ndb5 Nxe4 8. Qf3 d5 9. Nc7+ Kf8 10. Nxa8 e5 11. Bd2 Nd4 12. Qd1 Qh4 13. g3 Qf6 14. Nxe4 Nf3+ 15. Qxf3 Qxf3 16. Bxb4+ Kg8 17. Nd6 Qxh1 18. O-O-O Be6 19. Nc7 Qxh2 20. Nxd5 Bxd5 21. Rxd5 Qxf2 22. Rxe5 Qxf1+ 23. Re1 Qxe1+ 24. Bxe1 h5 25. Nxb7 g5 26. Bf2 h4 27. gxh4 gxh4 28. Bxa7 h3 29. Bb8 h2 30. Bxh2 Rxh2 31. a4 f5 32. a5 f4 33. a6 f3 34. a7 Rh1+ 35. Kd2 Ra1 36. Ke3 Rxa7 37. Nd6 Ra2 38. Nc4 Ra4 39. Nd2 Ra2 40. Nc4 Ra4 41. Nd2 Ra2 42. Nc4 1/2-1/2

[Event "Kezmarok Chess Open 2022"]
[Site "Kezmarok"]
[Date "2022.09.29"]
[Round "7.12"]
[White "Rakovsky, Jakub"]
[Black "Vestur, Rastislav"]
[Result "1-0"]
[ECO "B41"]
[WhiteElo "2012"]
[BlackElo "1789"]
[Annotator "TA"]
[PlyCount "63"]
[EventDate "2022.09.24"]
[EventType "swiss"]
[EventCountry "SVK"]
[SourceTitle "playchess.com"]
[Source "ChessBase"]
[SourceQuality "1"]
[TimeControl "40/5400+30:1800+30"]

1. e4 c5 2. Nf3 e6 3. d4 cxd4 4. Nxd4 a6 5. c4 Qc7 6. Nc3 Nc6 7. a3 Nf6 8. Be3 Ne5 9. Be2 {And now f4 would win. B41: Sicilian: Kan Variation: 5 c4.} Be7 ({Black should try} 9... Ng6) 10. Rc1 (10. f4 $1 $16 ) 10... O-O (10... Nxc4 $2 11. Bxc4 Qxc4 12. Nd5 $1 exd5 13. Rxc4 dxc4 14. Nf5 $18) 11. O-O {White is better.} b6 12. f4 Ng6 (12... Nxc4 $2 13. Bxc4 Qxc4 14. Na4 $18) 13. e5 Ne8 {[#]} 14. Nf5 $146 {White has more active pieces.} ({Predecessor:} 14. b4 Qd8 15. Na4 Rb8 16. Bd3 Bb7 17. c5 bxc5 18. Nxc5 Bxc5 19. Rxc5 Rc8 20. Nf3 {½-½ (33) Kaputtze (2356)-El Shaddai (2468) Playchess.com INT 2006}) 14... Bc5 (14... exf5 $17 15. Nd5 Bc5 $1 16. Nxc7 Bxe3+ 17. Kh1 Nxc7) 15. b4 Bxe3+ 16. Nxe3 d6 17. exd6 Nxd6 18. f5 (18. Bf3 $5 Rb8 19. Qd4 $14) 18... Nxf5 19. Nxf5 {Hoping for Qd6.} exf5 20. Nd5 $36 {[%mdl 2048] White fights for an advantage.} Qd6 (20... Qd8 $11) 21. Bf3 (21. Qd4 $5 ) 21... Rb8 22. Re1 {[%cal Od5e7] Prevents Re8. aiming for Ne7+!} Ne5 23. c5 $1 Nxf3+ (23... bxc5 $14 24. bxc5 Qe6) 24. Qxf3 $18 bxc5 25. bxc5 Qh6 26. c6 {[%mdl 1024] White has strong compensation.} Kh8 {[#]} (26... Be6 $142 27. Ne7+ Kh8 28. Nxf5 Qf6) 27. c7 $1 Rb2 28. Ne7 Qb6+ 29. Qe3 (29. Kh1 $18 h6 30. Nxc8 (30. Nxf5 Bb7 $14) 30... Rxc8 31. Qxf5) 29... Qxe3+ (29... Qb7 $16 {is a better defense.} 30. Qf3 g5 31. Qxb7 Rxb7) 30. Rxe3 g6 $2 (30... Bb7 {is tougher.}) 31. Nxc8 Rxc8 {[#]} 32. Rd3 $1 {Weighted Error Value: White=0.31/Black=0.54} 1-0

[Event "Kezmarok Chess Open 2022"]
[Site "Kezmarok"]
[Date "2022.09.29"]
[Round "7.13"]
[White "Fizer, Marek"]
[Black "Straka, Simon"]
[Result "1/2-1/2"]
[ECO "C43"]
[WhiteElo "1963"]
[BlackElo "1732"]
[Annotator "TA"]
[PlyCount "87"]
[EventDate "2022.09.24"]
[EventType "swiss"]
[EventCountry "SVK"]
[SourceTitle "playchess.com"]
[Source "ChessBase"]
[SourceQuality "1"]
[TimeControl "40/5400+30:1800+30"]

1. e4 e5 2. Nf3 Nf6 3. d4 Nxe4 4. Bd3 d5 5. Nxe5 Bd6 6. O-O O-O 7. c4 c6 8. Nc3 Nxc3 9. bxc3 Nd7 10. f4 {[%emt 0:09:26] C43: Petroff Defence: 3 d4.} ({Don't play} 10. Qh5 g6 11. Qe2 Re8 $15) 10... dxc4 11. Nxc4 Be7 {[%emt 0:09:40] [#]} 12. Qc2 $146 {[%emt 0:02:49] White is slightly better.} ({Predecessor:} 12. Rb1 Nf6 13. Ne5 c5 14. Bc4 Qc7 15. Qf3 Rb8 16. Ba3 Bf5 17. Rbe1 Bd6 18. g4 {1-0 (25) Horchman,J-Dijon,J France 1997}) 12... h6 13. Kh1 c5 14. Bb2 b6 15. Rad1 Qc7 {[%emt 0:07:15] [#]} (15... Nf6 $1 $11) 16. d5 $1 $16 {[%emt 0:03:49][%cal Bd4d5,Bd5d6][%mdl 32] Strongly threatening d6!} Bf6 17. d6 Qd8 18. Be4 {[%emt 0:01:26] White has more active pieces. The black rooks are badly placed.} (18. Ne3 $16) 18... Rb8 $14 19. Ne3 Ba6 20. Rfe1 Bb7 21. Nd5 (21. Bxb7 $16 Rxb7 22. Qe4) 21... Bxd5 22. Bxd5 {[%emt 0:00:28] aiming for g4.} b5 23. Bc6 {[%emt 0:06:24] This bishop pair is nice.} (23. Bc1 $14) 23... Rb6 $11 24. Bf3 Qb8 25. Bg4 (25. Qd3 $11) 25... Rd8 $15 26. Qd2 b4 27. cxb4 {[%emt 0:00:44] [#] Hoping for Bxd7.} Bxb2 28. Qxb2 Rxd6 (28... Nf6 $17 29. Bf3 Rbxd6 30. Rxd6 Rxd6) 29. Rxd6 $11 Qxd6 30. Qc2 {[%emt 0:01:30] With the idea Rd1.} Nf6 31. bxc5 Qxf4 32. Bf3 Qb4 (32... Re8 $11 33. Rd1 Re3) 33. Rb1 $14 Qd2 (33... Re8 $14 34. Qc1 Qa5) 34. Qxd2 $16 Rxd2 {[%emt 0:00:05][%mdl 4096] Endgame KRB-KRN} 35. Rc1 ({White should play} 35. c6 $16 Rc2 36. h3) 35... Rd7 $14 36. h3 Rc7 37. Kh2 {[%emt 0:00:58] The position is equal.} Nd7 38. c6 Ne5 39. Be4 Kf8 40. Kg3 Ke7 41. Kf4 f6 42. g4 Ke6 43. Ke3 Kd6 44. Kf4 {Weighted Error Value: White=0.20 (precise) /Black=0.16 (very precise)} 1/2-1/2

[Event "Kezmarok Chess Open 2022"]
[Site "Kezmarok"]
[Date "2022.09.29"]
[Round "7.14"]
[White "Fizerova, Lucie"]
[Black "Belus, Benjamin"]
[Result "1-0"]
[ECO "A34"]
[WhiteElo "1779"]
[BlackElo "1932"]
[Annotator "TA"]
[PlyCount "60"]
[EventDate "2022.09.24"]
[EventType "swiss"]
[EventCountry "SVK"]
[SourceTitle "playchess.com"]
[Source "ChessBase"]
[SourceQuality "1"]
[TimeControl "40/5400+30:1800+30"]

1. c4 c5 2. Nc3 g6 3. g3 Bg7 4. Bg2 e6 5. e4 Ne7 6. Nge2 Nbc6 7. O-O O-O 8. a3 b6 {[%emt 0:00:38] has lost popularity (8...d6). A36: Symmetrical English vs ...g6: 4 Bg2 Bg7.} 9. Rb1 Bb7 10. b4 cxb4 {[%emt 0:00:10] The position is equal.} 11. axb4 Ne5 ({Black should play} 11... d5 $14) 12. d3 $16 d5 13. f4 $2 {[%emt 0:01:06] [#]} (13. exd5 $16 {Black must now prevent f4.} exd5 14. c5) 13... Ng4 $146 (13... dxc4 $17 {stays on course.} 14. dxc4 (14. fxe5 cxd3 15. b5 Bxe5 $17) 14... Nxc4 15. Qxd8 Rfxd8) ({Predecessor:} 13... Nd7 14. cxd5 exd5 15. e5 Re8 16. d4 Nf8 17. b5 a6 18. Qb3 a5 19. Ba3 Ne6 {½-½ (41) Holmstrom,J (1894)-Kristensen,P (2018) Skorping 2017}) 14. h3 Nh6 (14... dxc4 $142 15. dxc4 Nf6) 15. g4 (15. f5 $16 {And now f6 would win.} gxf5 16. exd5) 15... f5 16. g5 Nf7 ({Better is} 16... dxe4 $14 17. gxh6 Bxc3) 17. e5 Qc8 18. Nd4 Nxg5 19. fxg5 $18 {[%emt 0:01:46] Hoping for Ncb5.} Bxe5 20. Nce2 Rb8 $2 (20... Bg7 21. c5 e5) 21. Nf3 Bg7 22. Bf4 Ra8 23. Rc1 Qe8 $2 (23... dxc4 {was called for.} 24. Rxc4 (24. dxc4 Rd8 $18) 24... Qd8) 24. Ned4 Nc6 25. Nb5 Qd7 26. Re1 ({White should try} 26. Nc7 $18) 26... Rae8 $2 {[%emt 0:06:59] Loses the game.} (26... Nxb4 $16 27. Bd6 a5 28. Bxf8 Rxf8) 27. Nd6 Rd8 $2 (27... Nxb4 28. Nxe8 Rxe8) 28. Nxb7 {[%emt 0:00:29] White is clearly winning.} Qxb7 29. Rxe6 {[%emt 0:01:29] [#] aiming for cxd5.} Nxb4 30. Qb3 Qc8 {[%emt 0:05:06] Weighted Error Value: White=0.47/Black=0.77} (30... Qf7 $142 31. Rce1 a5) 1-0

[Event "Kezmarok Chess Open 2022"]
[Site "Kezmarok"]
[Date "2022.09.29"]
[Round "7.15"]
[White "Hagara, Eduard"]
[Black "Skapikova, Lubica"]
[Result "1/2-1/2"]
[ECO "C30"]
[WhiteElo "1734"]
[BlackElo "1823"]
[Annotator "NA RC COMBH"]
[PlyCount "59"]
[EventDate "2022.09.24"]
[EventType "swiss"]
[EventCountry "SVK"]
[SourceTitle "playchess.com"]
[Source "ChessBase"]
[SourceQuality "1"]
[TimeControl "40/5400+30:1800+30"]

1. e4 e5 2. f4 d6 3. Nf3 Nc6 4. Bc4 Be7 5. O-O Nf6 6. d3 O-O 7. c3 exf4 8. Bxf4 Na5 9. Bb5 c6 10. Ba4 Qb6+ 11. Kh1 Qxb2 12. Nbd2 Qb6 13. h3 h6 14. Qe2 Qd8 15. Rae1 b5 16. Bc2 c5 17. Bh2 Nc6 18. Nb3 b4 19. cxb4 Nxb4 20. Bb1 a5 21. a3 Nc6 22. Nbd2 Ba6 23. Ba2 Nh7 24. Nc4 Bxc4 25. Bxc4 Ng5 26. Bd5 Nxf3 27. Qxf3 Nd4 28. Qh5 Rb8 29. Rxf7 Rxf7 30. Qxf7+ 1/2-1/2

[Event "Kezmarok Chess Open 2022"]
[Site "Kezmarok"]
[Date "2022.09.29"]
[Round "7.16"]
[White "Kapolkova, Greta"]
[Black "Horbalova, Ivana"]
[Result "1-0"]
[ECO "B40"]
[WhiteElo "1723"]
[BlackElo "1286"]
[Annotator "NA RC COMBH"]
[PlyCount "41"]
[EventDate "2022.09.24"]
[EventType "swiss"]
[EventCountry "SVK"]
[SourceTitle "playchess.com"]
[Source "ChessBase"]
[SourceQuality "1"]
[TimeControl "40/5400+30:1800+30"]

1. e4 e6 2. d4 c5 3. Nf3 d5 4. dxc5 dxe4 5. Qxd8+ Kxd8 6. Ng5 Nh6 7. Nxe4 f5 8. Nd6 Kc7 9. Bf4 Bxd6 10. cxd6+ Kc6 11. Nc3 a6 12. O-O-O Nd7 13. g3 e5 14. Bg2+ e4 15. f3 Nf7 16. fxe4 fxe4 17. Bxe4+ Kb6 18. Be3+ Ka5 19. a3 Nc5 20. b4+ Kb6 21. Bxc5# 1-0